 Dungeon Crawl Stone Soup version 0.29-a0-330-g52719c12eb (webtiles) character file.

Game seed: 3392742459544908106

43 kae the Ruffian (level 3, -1/26 (28) HPs)
             Began as a Draconian Transmuter on May 17, 2022.
             Succumbed to a gnoll's poison
             ... on level 2 of the Dungeon.
             The game lasted 00:01:45 (1486 turns).

kae the Ruffian (Draconian Transmuter)              Turns: 1486, Time: 00:01:46

HP:   -1/26 (28)    AC:  5    Str: 11 (12) XL:     3   Next: 37%
MP:   5/6           EV: 11    Int: 13 (15) God:
Gold: 81            SH:  0    Dex:  8 (11) Spells: 0/6 levels left

rFire   . . .      SeeInvis .     - Unarmed
rCold   . . .      Faith    .   (no shield)
rNeg    . . .      Spirit   .   (body armour unavailable)
rPois   .          Reflect  .   (helmet restricted)
rElec   .          Harm     .   (no cloak)
rCorr   .          Rampage  .   (no gloves)
Will    .....                   (no boots)
Stlth   +.........              (no amulet)
HPRegen 0.08/turn               (no ring)
MPRegen 0.10/turn               (no ring)

@: lethally poisoned (-1 -> -9), drained
A: AC +5, unfitting armour, cold-blooded
a: no special abilities


You were on level 2 of the Dungeon.
You visited 1 branch of the dungeon, and saw 2 of its levels.

You collected 81 gold pieces.

Inventory:

Jewellery
 c - a ring of poison resistance
Potions
 a - a potion of lignification
 h - a potion of cancellation {unknown}


   Skills:
 - Level 1.1 Fighting
 - Level 1.7 Dodging
 + Level 3.3 Unarmed Combat
 + Level 2.4 Spellcasting
 * Level 3.0 Transmutations
 * Level 0.3 Poison Magic


You couldn't memorise any spells.
You knew the following spells:

 Your Spells              Type           Power      Damage    Failure   Level
a - Beastly Appendage     Tmut           18%        N/A       7%          1
b - Wereblood             Tmut           9%         N/A       11%         2
c - Spider Form           Tmut/Pois      6%         N/A       36%         3

Your spell library contained the following spells:

 Spells                   Type           Power      Damage    Failure   Level
 Ice Form                 Ice/Tmut       5%         N/A       78%         4


Dungeon Overview and Level Annotations

Branches:
Dungeon (2/15)

Altars:


Innate Abilities, Weirdness & Mutations

Your plain brown scales are hard. (AC +5)
You cannot fit into any form of body armour.
You are cold-blooded and may be slowed by cold attacks.


Message History

The gnoll is lightly wounded.
The gnoll barely misses you.
An endoplasm comes into view.
The gnoll hits you from afar with a +2 spear of venom.
The endoplasm quivers.
You hit the gnoll.
The gnoll is heavily wounded.
The gnoll hits you with a +0 spear! The gnoll closely misses you.
You are too injured to fight recklessly!
The gnoll barely misses you.
There is a stone staircase leading up here.
Things that are here:
a +0 dagger; 4 stones; a kobold corpse You can't go up here!
There are monsters nearby! 2 gnolls come into view.
A gnoll is wielding a +2 flail of draining.
The gnoll shouts! x2; You hear a shout!
A gnoll comes into view. It is wielding a +0 whip.
The gnoll attacks as you move away!
The gnoll hits you with a +2 flail of draining!
* * * LOW HITPOINT WARNING * * *
You feel drained.
* * * LOW HITPOINT WARNING * * *
Okay, then.
The gnoll barely misses you.
The gnoll hits you with a +2 spear of venom.
* * * LOW HITPOINT WARNING * * *
You are lethally poisoned!
The gnoll barely misses you.
As you read the scroll of fear, it crumbles to dust.
You assume a fearsome visage.
The gnoll looks frightened! x2
The gnoll shouts!
The gnoll looks frightened! x3; The endoplasm looks frightened!
* * * LOW HITPOINT WARNING * * *
You feel sick.
It was a potion of degeneration.
There was something very wrong with that liquid.
You feel weakened.
You feel dopey.
You feel clumsy.
You die...

....... .. ...
.......###.###... ...
................ ......
...........##.###. .....
.......#..............#
.........##....###...###
...[....................
............รท....#......
.......#...J)g.@........
.............g.........#
##.#..#.######g##.#...##
#....#. #.# .# ..#
#..#.## #g# .. # ... #..
.## . ... ## g.g. ....


You could see 5 gnolls and an endoplasm (fleeing).

Vanquished Creatures
  A gnoll (D:1)
  A dart slug (D:1)
  4 endoplasms (D:1)
  A hobgoblin (D:1)
  8 jackals (D:1)
  2 quokkas (D:1)
  3 ball pythons
  2 bats (D:1)
  2 frilled lizards (D:1)
  3 kobolds
  3 rats (D:1)
30 creatures vanquished.

Notes
Turn   | Place    | Note
-------+----------+-------------------------------------------
     0 | D:1      | kae the Draconian Transmuter began the quest for the Orb.
     0 | D:1      | Reached XP level 1. HP: 16/16 MP: 3/3
   174 | D:1      | Reached XP level 2. HP: 21/23 MP: 3/5
   177 | D:1      | Learned a level 2 spell: Wereblood
   792 | D:1      | Found a faded altar of an unknown god.
   856 | D:1      | Reached XP level 3. HP: 26/28 MP: 3/6
   860 | D:1      | Learned a level 3 spell: Spider Form
  1485 | D:2      | HP: 1/26 [poisoned by a gnoll]
  1486 | D:2      | Succumbed to a gnoll's poison

Illustrated notes

Levels and vault maps discovered:
D:1:      minmay_arrival_jagged, layout_basic, chequers_ecumenical_altar_twisty
D:2:      layout_rooms, uniq_natasha

Skill      XL: |  1  2  3 |
---------------+----------+-----
Transmutations | 3 |  3.0
Fighting       | |  1.1
Dodging        | |  1.7
Unarmed Combat | |  3.3
Spellcasting   | |  2.4
Poison Magic   | |  0.3

Action                   || total
-------------------------++-------
Melee: Unarmed           ||    85
       Kick              ||    11
       Tailslap          ||     7
       Headbutt          ||     5
       Punch             ||     1
 Cast: Beastly Appendage ||    15
       Spider Form       ||     3
  Use: Scroll            ||     4
       Potion            ||     1
 Stab: Sleeping          ||     1
Armor: Skin              ||    30
Dodge: Dodged            ||    80

Table legend: (Time is in decaauts)
 A = Elapsed time spent in this place.
 B = Non-inter-level travel time spent in this place.
 C = Inter-level travel time spent in this place.
 D = Time resting spent in this place.
 E = Time spent auto-exploring this place.
 F = Levels seen in this place.
 G = Mean time per level.
                   A        B        C        D        E       F      G
               +--------+--------+--------+--------+--------+-----+--------+
         Total |   1483 |   1445 |     38 |    224 |    982 |   2 |  741.5 |
       Dungeon |   1483 |   1445 |     38 |    224 |    982 |   2 |  741.5 |
               +--------+--------+--------+--------+--------+-----+--------+

Top non-repeatable levels by time:
     D:1: 1428 daAuts
     D:2: 54 daAuts
